 Dungeon Crawl Stone Soup version 0.16-a0-2710-g8b41a68 (webtiles) character file.

294 Kemay the Ducker (level 6, 0/57 HPs)
             Began as an Octopode Transmuter on Nov 26, 2014.
             Succumbed to an orc's poison
             ... on level 4 of the Dungeon.
             The game lasted 00:21:55 (4697 turns).

Kemay the Ducker (Octopode Transmuter)              Turns: 4697, Time: 00:21:56

Health: 0/57       AC: 23    Str: 10    XL:     6   Next: 34%
Magic:  10/10      EV:  2    Int: 15    God:
Gold:   210        SH:  0    Dex: 14    Spells: 3 memorised, 1 level left

rFire  + . .     SeeInvis .       - Unarmed
rCold  . . .     Clarity  .     (no shield)
rNeg   + + +     SustAb   .     (helmet currently unavailable)
rPois  +         Gourm    .     i - amulet of resist corrosion
rElec  .         Spirit   .     c - ring of protection from fire
rCorr  +         Warding  .     (no ring)
rMut   .         NoTele   +     (no ring)
MR     .....                    (no ring)
Stlth  +++.......               (no ring)
                                (no ring)
                                (no ring)
                                (no ring)

@: lethally poisoned, tree-form, not resistant to hostile enchantments, fairly
stealthy
A: almost no armour, amphibious, 8 rings, (constrict 8), (camouflage 0),
(gelatinous body 0)
a: no special abilities


You were on level 4 of the Dungeon.
You were not hungry.
You were a tree.
You visited 1 branch of the dungeon, and saw 4 of its levels.

You collected 210 gold pieces.

Inventory:

Missiles
 b - 36 arrows
 k - 4 arrows of dispersal
Jewellery
 c - a ring of protection from fire (left branch)
 i - an amulet of resist corrosion (around neck)
Magical devices
 m - a wand of fire (4)
 q - a wand of fire (13)
Scrolls
 l - a scroll of teleportation
 o - a scroll of remove curse
Potions
 g - a potion of invisibility
 j - a potion of lignification
Books
 d - a book of Changes

   Spells                             Type                      Level
   *Beastly Appendage                 Transmutation                1
   *Sticks to Snakes                  Transmutation                2
   Spider Form                        Transmutation/Poison         3
   Ice Form                           Ice/Transmutation            4
   *Blade Hands                       Transmutation                5
Comestibles
 a - 3 bread rations
 f - 2 meat rations
 n - a chunk of flesh
 p - a slice of pizza


   Skills:
 - Level 1.0 Fighting
 + Level 4.8 Dodging
 - Level 3.0 Stealth
 - Level 3.0 Unarmed Combat
 - Level 2.0 Spellcasting
 - Level 4.1 Transmutations


You had one spell level left.
You knew the following spells:

 Your Spells              Type           Power        Failure   Level  Hunger
a - Beastly Appendage     Trmt           ##....       4%          1    #......
b - Blade Hands           Trmt           ##........   93%         5    ######.
c - Sticks to Snakes      Trmt           ##........   8%          2    ###....


Dungeon Overview and Level Annotations

Branches:
Dungeon (4/15)
 Temple: D:4-7

Altars:
Qazlal
Xom


Innate Abilities, Weirdness & Mutations

You cannot wear most types of armour.
You are amphibious.
You can wear up to eight rings at the same time.
((You can use your tentacles to constrict many enemies at once.))
((Your skin changes colour to match your surroundings (Stealth).))
((Your rubbery body absorbs attacks (AC +1).))


Message History

Drink which item? (? for menu, Esc to quit)
Your tentacle spike disappears.
You turn into a tree.
Your roots penetrate the ground.
* * * LOW HITPOINT WARNING * * *
You feel sick.
* * * LOW HITPOINT WARNING * * *
You feel sick.
* * * LOW HITPOINT WARNING * * *
You feel sick.
* * * LOW HITPOINT WARNING * * *
You feel sick.
* * * LOW HITPOINT WARNING * * *
You feel sick.
* * * LOW HITPOINT WARNING * * *
You feel sick.
* * * LOW HITPOINT WARNING * * *
You feel sick.
* * * LOW HITPOINT WARNING * * *
You feel sick.
You die...

#.####§≈§§≈≈§......).......
#....#≈§.§.≈§###...........
####.#≈≈...≈§# #...........
#...≈≈≈≈≈.. #...........
#######.### ##########..
#g.S...[# #.. .#)# #.. #.#
#.. #♣########### #..
#...........# #..
###########.######
#.......# ########.#
#........# ##.########
#.......... ###########


There were no monsters in sight!

Vanquished Creatures
  An ogre (D:4)
  A centaur skeleton (D:4)
  6 adders
  2 worms
  2 giant mites (D:2)
  6 giant geckos
  An ooze (D:2)
  11 orcs
  3 giant cockroaches
  11 hobgoblins
  13 jackals
  5 kobolds
  3 quokkas
  A ball python (D:4)
  3 bats
  7 giant newts
  10 goblins
  3 rats
89 creatures vanquished.

Vanquished Creatures (others)
  An ogre (D:4)
  2 hounds (D:4)
  An orc wizard (D:4)
  A worker ant (D:4)
  A bat skeleton (D:4)
  A jackal (D:4)
  A goblin (D:4)
8 creatures vanquished.

Grand Total: 97 creatures vanquished

Notes
Turn   | Place    | Note
--------------------------------------------------------------
     0 | D:1      | Kemay, the Octopode Transmuter, began the quest for the Orb.
     0 | D:1      | Reached XP level 1. HP: 13/13 MP: 3/3
    29 | D:1      | Reached skill level 1 in Stealth
   221 | D:1      | Reached XP level 2. HP: 9/18 MP: 2/4
   977 | D:1      | Reached XP level 3. HP: 23/23 MP: 6/6
  1066 | D:2      | Noticed an air elemental
  1557 | D:2      | Found a stormy altar of Qazlal.
  1560 | D:2      | Reached XP level 4. HP: 23/28 MP: 7/7
  1562 | D:2      | Noticed a water elemental
  1564 | D:2      | Noticed an earth elemental
  1564 | D:2      | Noticed a fire elemental
  2628 | D:3      | Reached skill level 4 in Transmutations
  2640 | D:3      | Reached XP level 5. HP: 9/33 MP: 7/9
  2991 | D:3      | Learned a level 5 spell: Blade Hands
  2994 | D:3      | Learned a level 2 spell: Sticks to Snakes
  3643 | D:4      | Killed an ogre
  4150 | D:4      | Noticed an ogre
  4431 | D:4      | Killed an ogre
  4431 | D:4      | Reached XP level 6. HP: 38/38 MP: 10/10
  4527 | D:4      | Found a shimmering altar of Xom.
  4691 | D:4      | HP: 2/57 [poisoned by an orc]
  4697 | D:4      | Succumbed to an orc's poison

Action                   |  1- 3 |  4- 6 || total
-------------------------+-------+-------++-------
Melee: Unarmed           |    77 |   142 ||   219
 Cast: Beastly Appendage |    12 |    23 ||    35
Evoke: Wand              |       |     2 ||     2
  Use: Potion            |     2 |     3 ||     5
       Scroll            |     4 |     5 ||     9
 Stab: Sleeping          |     4 |     7 ||    11
  Eat: Chunk             |     2 |    11 ||    13
